 Dungeon Crawl Stone Soup version 0.20.0-8-g6b59dc7 (webtiles) character file.

204 MTVSty1e the Skirmisher (level 5, -1/34 HPs)
             Began as a Gargoyle Fighter on June 2, 2017.
             Was an Initiate of Okawaru.
             Slain by Grinder (9 damage)
             ... while paralysed by Grinder
             ... on level 3 of the Dungeon.
             The game lasted 00:06:51 (2785 turns).

MTVSty1e the Skirmisher (Gargoyle Fighter)          Turns: 2785, Time: 00:06:52

Health: -1/34      AC: 12    Str: 21    XL:     5   Next: 82%
Magic:  5/5        EV:  2    Int:  8    God:    Okawaru [......]
Gold:   120        SH:  0    Dex:  9    Spells: 4/4 levels left

rFire    . . .     SeeInvis .   a - +0 war axe
rCold    . . .     Gourm    .   c - +0 shield
rNeg     + . .     Faith    .   b - +0 scale mail
rPois    ∞         Spirit   .   (no helmet)
rElec    +         Reflect  .   (no cloak)
rCorr    .         Harm     .   (no gloves)
MR       .....                  l - +0 pair of boots
Stlth    ..........             (no amulet)
Regen    0.2/turn               (no ring)
MPRegen  0.1/turn               (no ring)

@: paralysed
A: negative energy resistance 1, electricity resistance, unbreathing,
petrification resistance, rot immunity, AC +4
a: Renounce Religion


You were on level 3 of the Dungeon.
You worshipped Okawaru.
Okawaru was noncommittal.
You were not hungry.

You visited 1 branch of the dungeon, and saw 3 of its levels.

You collected 120 gold pieces.

Inventory:

Hand Weapons
 a - a +0 war axe (weapon)
Armour
 b - a +0 scale mail (worn)
 c - a +0 shield (worn)
 l - a +0 pair of boots (worn)
Jewellery
 n - a +6 ring of strength {unknown}
 o - a +2 ring of intelligence {unknown}
Scrolls
 e - 2 scrolls of teleportation {unknown}
 h - 3 scrolls of identify {unknown}
 i - 2 scrolls of enchant armour {unknown}
 j - a scroll of enchant weapon {unknown}
 k - 2 scrolls of recharging {unknown}
Potions
 m - 3 potions of curing {unknown}
 p - a potion of invisibility {unknown}
 q - a potion of flight {unknown}
 r - a potion of haste {unknown}
Comestibles
 d - a royal jelly
 f - 2 bread rations
 g - 2 meat rations


   Skills:
 + Level 4.5 Fighting
 * Level 4.5 Axes
 - Level 3.2 Armour
 - Level 3.2 Shields


You had 4 spell levels left.
You didn't know any spells.

Dungeon Overview and Level Annotations

Branches:
Dungeon (3/15)

Altars:
Gozag
Makhleb
Nemelex Xobeh
Okawaru

Annotations:
D:3 Grinder


Innate Abilities, Weirdness & Mutations

You are resistant to torment.
Your stone body is resilient. (AC +4)
You are immune to poison.
You resist negative energy. (rN+)
You are resistant to electric shocks. (rElec)
You can survive without breathing.
You are immune to petrification.
You are immune to rotting.


Message History

Items here: )) ? †† a mace; a trident; a scroll labeled RICO SUFURE; an orc corpse x2
Grinder gestures at you.
You suddenly lose the ability to move!
Grinder gestures at you. You resist with significant effort.
You can move again.
Grinder gestures at you.
You shrug off the repeated paralysis!
Grinder blinks!
Grinder gestures at you.
You suddenly lose the ability to move!
Grinder hits you.
You writhe in agony.
Grinder grins, showing sharp teeth.
Grinder hits you!
* * * LOW HITPOINT WARNING * * *
You writhe in agony.
* * * LOW HITPOINT WARNING * * *
Grinder hits you!
You die...

#####..#..#..#..#.......'.......
#.).#.###.#.###.#.......########
#.....# #...# #...........#
#....## ##.## ##......)...#
#....# #.# #..........#
#...#############.........#
#..........'....#.........#
############....#.........#
########..5@#.......###
............#########
............#######
#########.>.........
#...o.[$<#.#)#######
#.#.o.####.#.# #### #5o
#.#.############..## ..5
#.#...............## ...
#.#####...........##


You could see Grinder.

Vanquished Creatures
  An orc priest (D:3)
  A hound (D:3)
  An orc wizard (D:3)
  2 adders (D:3)
  3 worms (D:2)
  3 leopard geckos
  13 orcs (D:3)
  A ball python (D:3)
  6 bats
  2 giant cockroaches
  2 goblins (D:2)
  6 hobgoblins
  15 jackals
  A quokka (D:3)
  3 frilled lizards (D:1)
  8 kobolds
  5 rats
73 creatures vanquished.

Notes
Turn   | Place    | Note
-------+----------+-------------------------------------------
     0 | D:1      | MTVSty1e the Gargoyle Fighter began the quest for the Orb.
     0 | D:1      | Reached XP level 1. HP: 14/14 MP: 1/1
   234 | D:1      | Reached XP level 2. HP: 14/19 MP: 2/2
  1171 | D:2      | Reached XP level 3. HP: 23/23 MP: 3/3
  1464 | D:2      | Found a sparkling altar of Nemelex Xobeh.
  1467 | D:2      | Found an iron altar of Okawaru.
  1470 | D:2      | Found an opulent altar of Gozag.
  1585 | D:2      | Became a worshipper of Warmaster Okawaru
  1665 | D:2      | Found a faded altar of an unknown god.
  1714 | D:3      | Found a burning altar of Makhleb.
  1752 | D:3      | Reached XP level 4. HP: 18/29 MP: 4/4
  2301 | D:3      | Reached XP level 5. HP: 28/33 MP: 5/5
  2405 | D:3      | Noticed Grinder
  2776 | D:3      | Paralysed by Grinder for 2 turns
  2780 | D:3      | Paralysed by Grinder for 7 turns
  2785 | D:3      | Slain by Grinder

Skill      XL: |  1  2  3  4  5 |
---------------+----------------+-----
Axes           | 2 3 4 |  4.5
Fighting       | 4 |  4.5
Armour         | |  3.2
Shields        | |  3.2

Action                   |  1- 3 |  4- 6 || total
-------------------------+-------+-------++-------
Melee: War axe           |   157 |   104 ||   261
  Use: Potion            |       |     1 ||     1
  Eat: Bread ration      |     1 |     1 ||     2
Armor: Scale mail        |    94 |    64 ||   158
Dodge: Dodged            |    67 |    23 ||    90
Block: Shield            |    89 |    58 ||   147
